 Dungeon Sprint DCSS version 0.30.1-3-gfc49f6343a (webtiles) character file.

Game seed: 10364152899258496574

96633 Groucho the Intangible (level 15, -4/100 HPs)
             Began as a Spriggan Hunter on July 22, 2023.
             Was the Champion of Qazlal.
             Killed from afar by a Hell Sentinel (14 damage)
             ... with damnation
             ... in the Dungeon (Sprint VII: "The Pits").
             The game lasted 00:31:49 (9419 turns).

Groucho the Intangible (Spriggan Hunter)            Turns: 9419, Time: 00:31:49

Health: -4/100     AC:  9    Str:  7    XL:     15   Next: 69%
Magic:  10/31      EV: 61    Int: 16    God:    Qazlal [******]
Gold:   52         SH:  8    Dex: 34    Spells: 14/14 levels left

rFire   + + .        C - +2 arbalest (heavy)
rCold   + . .        (shield currently unavailable)
rNeg    + + .        c - +2 robe {rF+}
rPois   .            A - +1 hat
rElec   .            q - +2 cloak {rCorr}
rCorr   +            (gloves unavailable)
SInv    +            (boots unavailable)
Will    +++++        D - amulet of the Four Winds {rN+ Will+++ Clar}
Stlth   +            n - ring of Fatowk {rC+ rN+ Int+3 Dex+2 Slay+2}
HPRegen 0.00/turn    E - ring "Kitikhli" {rF+ Will+ Int+2 Dex+6}
MPRegen 0.22/turn

%: no teleportation, repel missiles, clarity
@: inhibited regen, studying Polearms, very quick
A: very small, no large weapons, unfitting armour, see invisible, speed 3,
inhibited regeneration, devolution 1
a: Renounce Religion, Upheaval, Elemental Force, Disaster Area


You were in the Dungeon.
You worshipped Qazlal.
Qazlal was exalted by your worship.
You visited 1 branch You collected 52 gold pieces.

Inventory:

Hand Weapons
 C - a +2 heavy arbalest (weapon)
Armour
 c - a +2 robe of fire resistance (worn)
 q - a +2 cloak of preservation (worn)
 A - a +1 hat (worn)
Jewellery
 a - the ring "Iluxyc" {Will+ rCorr MP+9 Str-2}
   (You took it off a yaktaur in the Dungeon)

   [ring of willpower]

   Str:       It affects your strength (-2).
   MP:        It affects your magic capacity (+9).
   rCorr:     It protects you from acid and corrosion.
   Will:      It increases your willpower.
 n - the ring of Fatowk (left hand) {rC+ rN+ Int+3 Dex+2 Slay+2}
   (You found it in the Dungeon)

   [ring of positive energy]

   Int:       It affects your intelligence (+3).
   Dex:       It affects your dexterity (+2).
   Slay:      It affects your accuracy & damage with ranged weapons and melee
   (+2).
   rC:        It protects you from cold.
   rN:        It protects you from negative energy.
 D - the amulet of the Four Winds (around neck) {rN+ Will+++ Clar}
   (You found it in the Dungeon)

   [amulet of nothing]

   rN:        It protects you from negative energy.
   Clar:      It protects you from confusion, rage, mesmerisation and fear.
   Will:      It greatly increases your willpower.
 E - the ring "Kitikhli" (right hand) {rF+ Will+ Int+2 Dex+6}
   (You found it in the Dungeon)

   [ring of dexterity]

   Int:       It affects your intelligence (+2).
   Dex:       It affects your dexterity (+6).
   rF:        It protects you from fire.
   Will:      It increases your willpower.
Wands
 m - a wand of mindburst (11)
 x - a wand of paralysis (8)
Scrolls
 b - a scroll of immolation
 i - a scroll of blinking
 k - 6 scrolls of amnesia
 l - a scroll of butterflies
 r - 10 scrolls of enchant weapon
 t - 2 scrolls of fear
 u - a scroll of fog
 z - a scroll of identify
Potions
 d - 11 potions of curing
 e - 4 potions of heal wounds
 f - 8 potions of haste
 g - 9 potions of magic
 h - 8 potions of berserk rage
 j - 2 potions of invisibility
 p - a potion of might
 s - a potion of resistance
 v - 2 potions of brilliance


   Skills:
 + Level 20.6 Fighting
 + Level 24.1 Ranged Weapons
 + Level 8.2 Armour
 O Level 27 Dodging
 - Level 1.5 Stealth
 + Level 23.8 Invocations


You had 14 spell levels left.
You didn't know any spells.
Your spell library contained the following spells:

 Spells                   Type           Power      Damage    Failure   Level
 Apportation              Tloc           0%         N/A       26%         1
 Necrotise                Necr           0%         1d4       26%         1
 Shock                    Conj/Air       0%         1d3       26%         1
 Summon Small Mammal      Summ           0%         N/A       26%         1
 Blink                    Tloc           0%         N/A       36%         2
 Ensorcelled Hibernation  Hex/Ice        0%         N/A       36%         2
 Lesser Beckoning         Tloc           0%         N/A       36%         2
 Momentum Strike          Conj/Tloc      0%         3d8       36%         2
 Scorch                   Fire           0%         2d5       36%         2
 Static Discharge         Conj/Air       0%         2-2/arc   36%         2
 Ignite Poison            Fire/Tmut/Pois 0%         N/A       58%         3
 Inner Flame              Hex/Fire       0%         N/A       58%         3
 Ozocubu's Armour         Ice            0%         N/A       58%         3
 Portal Projectile        Hex/Tloc       0%         N/A       58%         3
 Swiftness                Air            0%         N/A       58%         3
 Tukima's Dance           Hex            0%         N/A       58%         3
 Vampiric Draining        Necr           0%         2d6       58%         3
 Vhi's Electric Charge    Tloc/Air       0%         N/A       58%         3
 Airstrike                Air            0%         2d(0-16)  94%         4
 Animate Armour           Summ/Erth      0%         N/A       94%         4
 Animate Dead             Necr           0%         N/A       94%         4
 Flame Wave               Conj/Fire      0%         2d4       94%         4
 Ice Form                 Ice/Tmut       0%         N/A       94%         4
 Leda's Liquefaction      Hex/Erth       0%         N/A       94%         4
 Manifold Assault         Tloc           0%         N/A       94%         4
 Sticky Flame             Conj/Fire      0%         2d3       94%         4
 Summon Ice Beast         Ice/Summ       0%         N/A       94%         4
 Summon Lightning Spire   Summ/Air       0%         N/A       94%         4
 Agony                    Necr           0%         N/A       100%        5
 Arcjolt                  Conj/Air       0%         1d10      100%        5
 Blade Hands              Tmut           0%         N/A       100%        5
 Borgnjor's Vile Clutch   Necr/Erth      0%         N/A       100%        5
 Irradiate                Conj/Tmut      0%         3d11      100%        5
 Lee's Rapid Deconstruct  Erth           0%         3d4*      100%        5
 Metabolic Englaciation   Hex/Ice        0%         N/A       100%        5
 Summon Mana Viper        Hex/Summ       0%         N/A       100%        5
 Conjure Ball Lightning   Conj/Air       0%         3x3d6     100%        6
 Death Channel            Necr           0%         N/A       100%        6
 Simulacrum               Ice/Necr       0%         N/A       100%        6
 Statue Form              Tmut/Erth      0%         N/A       100%        6
 Monstrous Menagerie      Summ           0%         N/A       100%        7
 Storm Form               Tmut/Air       0%         N/A       100%        7
 Maxwell's Capacitive Co  Air            0%         ∞         100%        8
 Shatter                  Erth           0%         3d5*      100%        9


Dungeon Overview and Level Annotations

Branches:
Dungeon (1/1)

Altars:
Ashenzari
Cheibriados
Dithmenos
Elyvilon
Fedhas
Gozag
Hepliaklqana
Kikubaaqudgha
Makhleb
Nemelex Xobeh
Okawaru
Qazlal
Ru
Sif Muna
Trog
Uskayaw
Vehumet
Wu Jian
Xom
Yredelemnul
Zin
The Shining One
Jiyva
Lugonu


Innate Abilities, Weirdness & Mutations

You are very small and have problems with some larger weapons.
You are too small for most types of armour.
You have supernaturally acute eyesight. (SInv)
You cover ground extremely quickly. (Speed+++)
You do not regenerate when monsters are visible.
You have hidden genetic defects.


Message History

The blast of magma engulfs Saint Roka!!!
Saint Roka is almost dead.
Saint Roka cries, "In the name of Beogh, DIE!"
Your Ranged Weapons skill increases to level 24!
Unknown command.
Unknown command.
Unknown command.
You feel much better.
Saint Roka is no longer encased in ice.
Saint Roka calls down the wrath of Beogh upon you.
Beogh smites you!
You are too injured to fight recklessly!
Unknown command.
Fire: C) +2 arbalest (heavy)
Press: ? - help, Q - select action, (/) - cycle Shift-Dir - straight line, f/p - Saint Roka
Aim: Saint Roka, wielding a +2 heavy great sword and wearing a +0 plate armour (almost dead, 85% to hit)
You shoot a bolt. The bolt hits Saint Roka!
Saint Roka is almost dead.
Saint Roka mumbles some strange prayers to Beogh against you.
Beogh smites you!
Unknown command.
Fire: C) +2 arbalest (heavy)
Press: ? - help, Q - select action, (/) - cycle Shift-Dir - straight line, f/p - Saint Roka
Aim: Saint Roka, wielding a +2 heavy great sword and wearing a +0 plate armour (almost dead, 85% to hit)
You shoot a bolt. The bolt hits Saint Roka!!!!
You kill Saint Roka!
Qazlal accepts your kill.
Your Armour skill increases to level 8!
Fire: C) +2 arbalest (heavy)
Press: ? - help, Q - select action, (/) - cycle Shift-Dir - straight line, f - Hell Sentinel
Aim: a Hell Sentinel (moderately wounded, 92% to hit)
You shoot a bolt. The bolt hits the Hell Sentinel!!!
The Hell Sentinel is heavily wounded.
The Hell Sentinel gestures at you.
The sphere of damnation explodes!
The damnation engulfs you!!
* * * LOW HITPOINT WARNING * * *
The nagaraja gestures wildly while chanting.
The nagaraja seems to speed up.
The Hell Sentinel gestures at you.
The sphere of damnation explodes!
The damnation engulfs you!
You die...

.m...)#####..#.#
....)...')≈....#
##.)m.c)#≈1≈##.#
..)≈≈.≈()N.≈...#
...c)D#####)≈#.######++#####
..4###....##)..##..........#
.##.Dc.....#)..##°.........#
#..1.d.....##..§'°.#....#..#
............#..○@○.........#
#################.☼........#
#################☼○#....#..#
..[..[.........''..........#
..[............)'..........#
#############..##..#....#..#
#.#(#.#.#.#.#..##..........+
[#.#[#.#.#.##..##.......)..+
#[#.#.#(#.#.#..####''####''#


You could see a Hell Sentinel and a nagaraja (fast).

Vanquished Creatures
  Dissolution (D)
  Saint Roka (D)
  Nikola (D)
  A curse toe (D)
  2 sphinxes (D)
  Gastronok (D)
  Frances (D)
  3 nagarajas (D)
  A draconian knight (D)
  A deep elf sorcerer (D)
  An angel (D)
  3 orc warlords (D)
  A war gargoyle (D)
  A draconian shifter (D)
  A dire elephant (D)
  2 deep elf demonologists (D)
  A green draconian (D)
  A red draconian (D)
  2 purple draconians (D)
  A lorocyproca (D)
  A deep elf annihilator (D)
  2 deep elf death magi (D)
  A blizzard demon (D)
  A merfolk javelineer (D)
  A great orb of eyes (D)
  A fire dragon (D)
  3 yaktaur captains (D)
  2 deep elf high priests (D)
  3 vault guards (D)
  A hell beast (D)
  An ogre mage (D)
  A hydra (D)
  An ice dragon (D)
  3 boulder beetles (D)
  A catoblepas (D)
  A centaur warrior (D)
  An anaconda (D)
  A death knight (D)
  5 naga warriors (D)
  A death yak (D)
  7 hell hogs (D)
  2 vampire magi (D)
  6 hell knights (D)
  3 deep elf knights (D)
  5 skeletal warriors (D)
  A sixfirhy (D)
  A sun demon (D)
  2 deep trolls (D)
  An iron troll (D)
  A spriggan druid (D)
  A sea snake (D)
  2 cherubim (D)
  A large abomination (D)
  2 swamp dragons (D)
  9 orc knights (D)
  2 bog bodies (D)
  2 necromancers (D)
  2 lindwurms (D)
  3 wizards (D)
  2 deep elf pyromancers (D)
  2 ugly things (D)
  A deep elf zephyrmancer (D)
  A wolf spider (D)
  A salamander (D)
  3 orc sorcerers (D)
  2 elephants (D)
  A molten gargoyle (D)
  3 naga magi (D)
  An eye of devastation (D)
  A guardian serpent (D)
  A demonic crawler (D)
  An unseen horror (D)
  A kobold demonologist (D)
  2 efreet (D)
  A komodo dragon (D)
  4 yaktaurs (D)
  2 ice devils (D)
  A rime drake (D)
  3 trolls (D)
  2 merfolk (D)
  A red devil (D)
  A tyrant leech (D)
  2 hornets (D)
  5 blink frogs (D)
  5 dream sheep (D)
  A jumping spider (D)
  Sigmund (D)
  6 yaks (D)
  A water elemental (D)
  A wyvern (D)
  A fire bat (D)
  A redback (D)
  2 wraiths (D)
  A chaos spawn (D)
  A neqoxec (D)
  4 vampire mosquitoes (D)
  4 nagas (D)
  3 wargs (D)
  4 hell hounds (D)
  A sky beast (D)
  2 floating eyes (D)
  7 orc warriors (D)
  A swamp drake (D)
  5 wolves (D)
  2 ogres (D)
  A centaur (D)
  A phantom (D)
  Blork the orc (D)
  An earth elemental (D)
  A necrophage (D)
  A scorpion (D)
  5 wights (D)
  4 killer bees (D)
  5 orc priests (D)
  Ijyb (D)
  3 orc wizards (D)
  A hell rat (D)
  A gnoll (D)
  A river rat (D)
  3 adder zombies (D)
  2 adder skeletons (D)
  13 orcs (D)
  A bat skeleton (D)
  A bat zombie (D)
  An endoplasm (D)
  A hobgoblin (D)
  4 jackals (D)
  A kobold (D)
  A quokka (D)
  2 ball pythons (D)
  A bat (D)
  A quokka simulacrum (D)
  A quokka zombie (D)
  A rat (D)
272 creatures vanquished.

Vanquished Creatures (others)
  A black draconian (D)
  A death knight (D)
  An ufetubus (D)
3 creatures vanquished.

Grand Total: 275 creatures vanquished

Notes
Turn   | Place    | Note
-------+----------+-------------------------------------------
     0 | D        | Groucho the Spriggan Hunter began the quest for the Orb.
     0 | D        | Reached XP level 1. HP: 10/10 MP: 2/2
     8 | D        | Noticed a scorpion
    41 | D        | Found a bloodstained altar of Trog.
    41 | D        | Found a shimmering blue altar of Sif Muna.
    41 | D        | Found a viscous altar of Jiyva.
    41 | D        | Found a hazy altar of Hepliaklqana.
    41 | D        | Found an opulent altar of Gozag.
    42 | D        | Found a glowing golden altar of the Shining One.
    42 | D        | Found a glowing silver altar of Zin.
    42 | D        | Found a basalt altar of Yredelemnul.
    42 | D        | Found a shimmering altar of Xom.
    42 | D        | Found an ornate altar of the Wu Jian Council.
    42 | D        | Found a sacrificial altar of Ru.
    42 | D        | Found a stormy altar of Qazlal.
    42 | D        | Found an iron altar of Okawaru.
    42 | D        | Found a sparkling altar of Nemelex Xobeh.
    42 | D        | Found a burning altar of Makhleb.
    42 | D        | Found a blossoming altar of Fedhas.
    42 | D        | Found a white marble altar of Elyvilon.
    42 | D        | Found a shadowy altar of Dithmenos.
    42 | D        | Found a snail-covered altar of Cheibriados.
    43 | D        | Found a radiant altar of Vehumet.
    43 | D        | Found a corrupted altar of Lugonu.
    44 | D        | Found an ancient bone altar of Kikubaaqudgha.
    44 | D        | Found a hide-covered altar of Uskayaw.
    44 | D        | Found a broken altar of Ashenzari.
   107 | D        | Killed a scorpion
   108 | D        | Reached skill level 5 in Ranged Weapons
   108 | D        | Reached skill level 5 in Dodging
   108 | D        | Reached XP level 2. HP: 7/16 MP: 2/5
   108 | D        | Reached XP level 3. HP: 9/20 MP: 2/6
   145 | D        | Became a worshipper of Qazlal Stormbringer
   174 | D        | Reached * piety under Qazlal
   328 | D        | Reached ** piety under Qazlal
   344 | D        | Reached XP level 4. HP: 25/25 MP: 7/7
   353 | D        | Reached *** piety under Qazlal
   383 | D        | Reached skill level 6 in Dodging
   474 | D        | Reached **** piety under Qazlal
   483 | D        | Reached skill level 7 in Dodging
   483 | D        | Reached XP level 5. HP: 15/30 MP: 9/9
   719 | D        | Noticed Ijyb
   754 | D        | Killed Ijyb
   754 | D        | Reached ***** piety under Qazlal
   755 | D        | Reached skill level 5 in Invocations
   775 | D        | Noticed a fire bat
   787 | D        | Killed a fire bat
   788 | D        | Reached skill level 5 in Fighting
   788 | D        | Reached skill level 8 in Dodging
   788 | D        | Reached XP level 6. HP: 22/36 MP: 6/11
  1036 | D        | Noticed a yak
  1106 | D        | Killed a yak
  1107 | D        | Reached skill level 9 in Dodging
  1363 | D        | Noticed a floating eye
  1363 | D        | Noticed a floating eye
  1364 | D        | Paralysed by a floating eye for 4 turns
  1370 | D        | Paralysed by a floating eye for 2 turns
  1374 | D        | Killed a floating eye
  1375 | D        | Reached skill level 10 in Dodging
  1375 | D        | Reached XP level 7. HP: 41/41 MP: 13/13
  1385 | D        | Reached skill level 11 in Dodging
  1585 | D        | Noticed an orc sorcerer
  1585 | D        | Noticed a hornet
  1592 | D        | Noticed an ice devil
  1593 | D        | Noticed a sun demon
  1596 | D        | Killed an orc sorcerer
  1597 | D        | Reached XP level 8. HP: 47/47 MP: 15/15
  1601 | D        | Killed a hornet
  1602 | D        | Reached skill level 10 in Ranged Weapons
  1602 | D        | Reached skill level 12 in Dodging
  1627 | D        | Found the +12 glaive of Prune {freeze, Prune}
  1719 | D        | Noticed a deep elf pyromancer
  1719 | D        | Noticed a bog body
  1730 | D        | Killed a deep elf pyromancer
  1731 | D        | Reached skill level 13 in Dodging
  1732 | D        | Killed a bog body
  1733 | D        | Reached skill level 10 in Invocations
  1733 | D        | Reached XP level 9. HP: 31/53 MP: 7/17
  1910 | D        | Noticed a deep elf zephyrmancer
  1910 | D        | Noticed a troll
  1910 | D        | Noticed a troll
  1916 | D        | Killed a troll
  1917 | D        | Reached skill level 14 in Dodging
  1917 | D        | Killed a troll
  1917 | D        | Reached ****** piety under Qazlal
  1924 | D        | Killed a deep elf zephyrmancer
  1925 | D        | Reached skill level 10 in Fighting
  1925 | D        | Reached skill level 15 in Dodging
  1943 | D        | Noticed a boulder beetle
  1949 | D        | Reached XP level 10. HP: 45/59 MP: 6/19
  2307 | D        | Killed a boulder beetle
  2308 | D        | Reached skill level 16 in Dodging
  2713 | D        | Noticed an elephant
  2735 | D        | Killed an elephant
  2872 | D        | Noticed Sigmund
  2875 | D        | Noticed a boulder beetle
  2878 | D        | Killed Sigmund
  2909 | D        | Killed a boulder beetle
  3235 | D        | Noticed a sea snake
  3239 | D        | Killed a sea snake
  3240 | D        | Reached skill level 17 in Dodging
  3591 | D        | Noticed a bog body
  3593 | D        | Killed a bog body
  3858 | D        | Noticed a deep elf pyromancer
  3859 | D        | Noticed a boulder beetle
  3859 | D        | Noticed a deep troll
  3861 | D        | Killed a deep elf pyromancer
  3861 | D        | Noticed a lindwurm
  3862 | D        | Reached XP level 11. HP: 51/66 MP: 15/22
  3862 | D        | Killed a deep troll
  3875 | D        | Killed a boulder beetle
  3876 | D        | Reached skill level 18 in Dodging
  3893 | D        | Killed a lindwurm
  4055 | D        | Noticed a swamp dragon
  4055 | D        | Noticed Blork the orc
  4055 | D        | Noticed a death yak
  4056 | D        | Killed Blork the orc
  4057 | D        | Killed a swamp dragon
  4057 | D        | Killed a death yak
  4058 | D        | Reached skill level 15 in Ranged Weapons
  4058 | D        | Reached skill level 19 in Dodging
  4540 | D        | Noticed a large abomination
  4545 | D        | Killed a large abomination
  4546 | D        | Reached skill level 15 in Invocations
  5014 | D        | Noticed Gastronok
  5033 | D        | Killed Gastronok
  5034 | D        | Reached XP level 12. HP: 56/73 MP: 18/24
  5046 | D        | Noticed a hell hog
  5046 | D        | Noticed a hell hog
  5048 | D        | Noticed a hell hog
  5050 | D        | Killed a hell hog
  5051 | D        | Reached skill level 20 in Dodging
  5051 | D        | Killed a hell hog
  5052 | D        | Killed a hell hog
  5068 | D        | Noticed a naga warrior
  5100 | D        | Killed a naga warrior
  5531 | D        | Reached skill level 21 in Dodging
  6035 | D        | Noticed an orc warlord
  6035 | D        | Noticed an orc warlord
  6037 | D        | Killed an orc warlord
  6037 | D        | Killed an orc warlord
  6038 | D        | Reached skill level 15 in Fighting
  6038 | D        | Reached skill level 22 in Dodging
  6038 | D        | Reached XP level 13. HP: 73/80 MP: 9/26
  6801 | D        | Reached skill level 23 in Dodging
  7248 | D        | Noticed a fire dragon
  7248 | D        | Noticed a black draconian
  7248 | D        | Noticed Nikola
  7251 | D        | Killed a fire dragon
  7275 | D        | Killed a black draconian
  7283 | D        | Killed Nikola
  7284 | D        | Reached skill level 24 in Dodging
  7692 | D        | Reached XP level 14. HP: 68/88 MP: 28/28
  7698 | D        | Identified the ring "Iluxyc" {Will+ rCorr MP+9 Str-2}
  7745 | D        | Reached skill level 25 in Dodging
  8139 | D        | Found the amulet of the Four Winds {rN+ Will+++ Clar}
  8158 | D        | Got the Spellbook of the Vehement Crevasse
  8366 | D        | Noticed a sphinx
  8366 | D        | Noticed an orc warlord
  8367 | D        | Killed a sphinx
  8367 | D        | Killed an orc warlord
  8368 | D        | Noticed Frances
  8370 | D        | Noticed a deep elf sorcerer
  8371 | D        | Killed Frances
  8372 | D        | Reached skill level 26 in Dodging
  8372 | D        | Killed a deep elf sorcerer
  8445 | D        | Noticed a purple draconian shifter
  8458 | D        | Killed a purple draconian shifter
  8481 | D        | Noticed a nagaraja
  8485 | D        | Killed a nagaraja
  8485 | D        | Noticed a black draconian knight
  8489 | D        | Killed a black draconian knight
  8498 | D        | Noticed a sphinx
  8503 | D        | Killed a sphinx
  8504 | D        | Reached skill level 27 in Dodging
  8972 | D        | Got the ring "Kitikhli" {rF+ Will+ Int+2 Dex+6}
  8975 | D        | Got the ring "Ipariuk" {Fly rC+ Will+}
  8978 | D        | Got the amulet of Oxtirox {Spirit rF++ rCorr Str+2}
  8981 | D        | Got the amulet of Lemnon {Reflect rN++ Dex-5 SH+5 SInv}
  8986 | D        | Got the ring "Apras" {rPois rF- Dex-3 SInv Stlth+}
  8989 | D        | Got the ring of Igamosu {rN+ Will++ Str-4 Dex-2 Stlth+}
  8992 | D        | Got the amulet of the Evening {Faith Int+3}
  8995 | D        | Got the amulet "Kikuazxo" {Will+ Regen+ Dex+4}
  8998 | D        | Got the amulet of the Robin {Reflect *Slow rN++ Str+2 SH+5
                  | SInv}
  9001 | D        | Got the amulet of Trepidation {RegenMP Rampage}
  9004 | D        | Got the ring of Boaxynub {Wiz rN+ Int+3 Slay+3}
  9007 | D        | Got the amulet "Qusylu" {RegenMP Contam rF++ Int+3 Stlth+}
  9010 | D        | Got the ring of Fatowk {rC+ rN+ Int+3 Dex+2 Slay+2}
  9013 | D        | Got the ring "Ninaf" {rF+ Dex+3}
  9016 | D        | Got the ring of the Illusory Knives {Fire rPois rN+ Str-2
                  | Slay+6}
  9021 | D        | Got the ring "Vudoh" {Fire rElec Int+3}
  9024 | D        | Got the ring "Uheanuocy" {rElec rPois}
  9027 | D        | Got the ring of Juifru {Fire Dex+3}
  9030 | D        | Got the ring of Doors {Str+4 Int+6}
  9033 | D        | Got the ring "Jufecoe" {rF- Dex+5 SInv}
  9036 | D        | Got the ring "Lephe" {Wiz rN+}
  9039 | D        | Got the ring of Qenoeb {rElec rPois rF+ Str-4}
  9042 | D        | Got the ring "Guth" {rPois rF+ Str+3}
  9045 | D        | Got the ring of Wakuogou {Wiz Str+2 Int+2}
  9048 | D        | Got the ring of Nemelex Xobeh's Anger {Slay+5 SInv}
  9106 | D        | Got the Volume of Oromancy
  9109 | D        | Got Sif Muna's Volume of Jinxing and the Sun
  9118 | D        | Got the Textbook on Detritus
  9234 | D        | Reached skill level 1 in Armour
  9238 | D        | Noticed a nagaraja
  9240 | D        | Reached XP level 15. HP: 84/97 MP: 28/31
  9245 | D        | Killed a nagaraja
  9282 | D        | Noticed a curse toe
  9285 | D        | Killed a curse toe
  9300 | D        | Reached skill level 5 in Armour
  9330 | D        | Noticed Dissolution
  9335 | D        | Gained mutation: You have hidden genetic defects. [a
                  | shining eye]
  9339 | D        | Noticed a nagaraja
  9345 | D        | Killed Dissolution
  9348 | D        | Killed a nagaraja
  9381 | D        | Noticed Saint Roka
  9381 | D        | Noticed a golden dragon
  9386 | D        | Noticed a Hell Sentinel
  9394 | D        | Noticed a nagaraja
  9412 | D        | Gained mutation: You do not regenerate when monsters are
                  | visible. [hidden defects]
  9418 | D        | Killed Saint Roka
  9419 | D        | Killed from afar by a Hell Sentinel

Illustrated notes

Levels and vault maps discovered:
D:        pitsprint [storerooms_1, entrance_room_1, metal_vault_7, armoury_2,
          mini_pit_1, grid_room_1, main_hall_1, silver_pit, the_coven_2,
          the_vestibule_1, steel_vault_2, golden_pit, hallway_of_sentries,
          crystal_vault_5, iron_vault_5, final_vault]

Skill      XL: |  1  2  3  4  5  6  7  8  9 10 11 12 13 14 15 |
---------------+----------------------------------------------+-----
Fighting       | 3 4 5 6 7 9 10 11 13 15 16 19 20 | 20.6
Ranged Weapons | 5 6 7 8 9 11 12 14 16 17 20 22 24 | 24.1
Dodging        | 5 7 8 10 11 13 15 17 19 22 24 27 | 27.0
Invocations    | 3 4 6 7 8 10 11 13 15 17 19 22 23 | 23.8
Armour         | 1 8 |  8.2
Stealth        | |  1.5

Action                     |  1- 3 |  4- 6 |  7- 9 | 10-12 | 13-15 || total
---------------------------+-------+-------+-------+-------+-------++-------
   Fire: Shortbow          |    38 |    82 |    37 |   176 |    45 ||   378
         Arbalest          |       |       |       |       |   217 ||   217
 Invoke: Upheaval          |       |     1 |     8 |    62 |    53 ||   124
         Disaster Area     |       |       |       |     3 |     3 ||     6
    Use: Potion            |       |     2 |     1 |     4 |     9 ||    16
         Scroll            |       |       |       |       |     1 ||     1
 Armour: Robe              |       |       |     1 |       |     3 ||     4
  Dodge: Dodged            |    21 |    24 |    27 |    51 |   190 ||   313
         Repelled          |       |       |       |     2 |     1 ||     3
  Block: Other             |     1 |     6 |    11 |    14 |    54 ||    86
